 Dungeon Crawl Stone Soup version 0.19.0-24-gb05acd6 (webtiles) character file.

34321 grisgris the Blocker (level 13, -2/80 HPs)
             Began as a Gargoyle Fighter on Nov 21, 2016.
             Was an Elder of Qazlal.
             Slain by a six-headed hydra (6 damage)
             ... on level 6 of the Lair of Beasts.
             The game lasted 01:13:19 (15188 turns).

grisgris the Blocker (Gargoyle Fighter)            Turns: 15188, Time: 01:13:20

Health: -2/80      AC: 28    Str: 27    XL:     13   Next: 76%
Magic:  7/19       EV: 12    Int: 10    God:    Qazlal [****..]
Gold:   778        SH: 27    Dex: 19    Spells: 0 memorised, 12 levels left

rFire  . . .     SeeInvis .     a - +3 flail (elec)
rCold  . . .     Gourm    .     l - +1 plate armour
rNeg   + . .     Faith    .     h - +0 large shield
rPois  ∞         Spirit   .     (no helmet)
rElec  +         Reflect  .     (no cloak)
rCorr  .         Harm     .     r - +0 pair of gloves
MR     .....                    (no boots)
Stlth  ..........               (no amulet)
                                A - +5 ring of dexterity
                                k - +3 ring of strength

@: agile, protected from physical damage, very slightly contaminated, hasted,
repel missiles, very quick
A: negative energy resistance 1, electricity resistance, unbreathing,
petrification resistance, rot immunity, AC +9
a: Upheaval, Elemental Force, Renounce Religion


You were on level 6 of the Lair of Beasts.
You worshipped Qazlal.
Qazlal was greatly pleased with you.
You were hungry.

You visited 3 branches of the dungeon, and saw 15 of its levels.
You also visited: Labyrinth.

You collected 960 gold pieces.
You spent 182 gold pieces at shops.

Inventory:

Hand Weapons
 a - a +3 flail of electrocution (weapon)
 d - a +4 dire flail of holy wrath
 g - a +0 whip of flaming
Armour
 h - a +0 large shield (worn)
 l - a +1 plate armour (worn)
 r - a +0 pair of gloves (worn)
Jewellery
 k - a +3 ring of strength (left hand)
 A - a +5 ring of dexterity (right hand)
Scrolls
 c - 2 scrolls of amnesia
 n - 4 scrolls of identify
 q - a scroll of remove curse
 u - 5 scrolls of fog
Potions
 b - a potion of invisibility
 p - a potion of flight
Books
 e - a book of Power

   Spells                             Type                      Level
   a - Fulminant Prism                Conjuration/Hexes            4
   b - Iskenderun's Mystic Blast      Conjuration                  4
   c - Venom Bolt                     Conjuration/Poison           5
   d - Bolt of Magma                  Conjuration/Fire/Earth       5
   e - Iron Shot                      Conjuration/Earth            6
   f - Orb of Destruction             Conjuration                  7
   g - Spellforged Servitor           Conjuration/Summoning        7
Comestibles
 f - 5 meat rations
 i - 11 fruits
 m - 4 chunks of flesh
 t - 11 bread rations
 w - 2 slices of pizza
 C - 2 beef jerkies


   Skills:
 + Level 9.2 Fighting
 + Level 12.4 Maces & Flails
 + Level 9.3 Armour
 + Level 2.1 Dodging
 - Level 1.4 Stealth
 + Level 14.7 Shields
 * Level 9.1 Invocations
   Level 0.1 Evocations


You had 12 spell levels left.
You didn't know any spells.

Dungeon Overview and Level Annotations

Branches:
Dungeon (8/15)             Temple (1/1) D:5            Lair (6/6) D:8
  Swamp (0/4) Lair:4       Spider (0/4) Lair:4        Slime (0/5) Lair:5

Altars:
Ashenzari
Dithmenos
Elyvilon
Fedhas
Gozag
Kikubaaqudgha
Nemelex Xobeh
Okawaru
Qazlal
Ru
Trog
Uskayaw
Vehumet
Xom
Yredelemnul
Zin

Shops:
D:7 !%%(

Annotations:
D:4 Prince Ribbit


Innate Abilities, Weirdness & Mutations

You are resistant to torment.
Your stone body is resilient. (AC +9)
You are immune to poison.
You resist negative energy. (rN+)
You are resistant to electric shocks. (rElec)
You can survive without breathing.
You are immune to petrification.
You are immune to rotting.


Message History

The elephant misses you.
You bludgeon the elephant!!
You kill the elephant!
Qazlal accepts your kill.
You block the elephant's attack. x2; You block the crocodile's attack.
You sock the yak!
You kill the yak!
Qazlal accepts your kill.
The elephant tramples you but does no damage.
You block the elephant's attack.
You sock the six-headed hydra!
The six-headed hydra is lightly wounded.
You block the elephant's attack. x2; The crocodile misses you.
You thump the six-headed hydra!
There is a sudden explosion of sparks!
The six-headed hydra is heavily wounded.
The elephant tramples you but does no damage.
You block the elephant's attack.
The six-headed hydra is engulfed in roaring flames.
The six-headed hydra bites you.
You die...

♣♣ ♣♣. ♣♣♣..♣♣♣♣ ♣♣ .♣
♣♣♣.$...†t♣♣.♣♣♣...
..♣♣♣♣....(...YD.t......
(..........Y...#@#
..#.......#.YYY#YY.....
..........?..Yt##Y##.###
.#............Y##Y.
...##...............
..§....PP#.......###P
Y................# ##
..#...............#
..#............P.##


You could see a six-headed hydra, 9 elephants, 3 crocodiles and a dream sheep.

Vanquished Creatures
  A minotaur (Lab)
  5 hydras
  Pikel (D:5)
  An oklob plant (Lair:5)
  A wolf spider (Lair:4)
  6 elephants
  Psyche (D:8)
  7 black mambas
  The ghost of Nordron the Covert, a novice SpEn of Uskayaw (D:6)
  2 rime drakes
  10 spiny frogs
  7 komodo dragons
  The ghost of dscm the Magician, a novice OpEE (D:8)
  A jumping spider (Lair:4)
  7 blink frogs
  2 dream sheep (Lair:6)
  8 hippogriffs
  3 wyverns
  26 yaks
  A basilisk (Lair:4)
  Eustachio (D:4)
  A hungry ghost (D:8)
  Edmund (D:6)
  6 swamp worms (Lair:4)
  10 water moccasins
  12 porcupines
  2 ice beasts (D:8)
  An orc warrior (D:8)
  4 sky beasts
  2 black bears
  6 ogres
  A phantom (D:4)
  30 wolves
  2 centaurs (D:6)
  15 crocodiles
  A big kobold (D:4)
  12 bullfrogs
  A scorpion (Lair:1)
  A troll skeleton (Lab)
  2 electric eels
  A howler monkey (D:4)
  2 spriggan skeletons (Lab)
  A bullfrog zombie (D:8)
  4 crimson imps
  A quasit (D:7)
  A bullfrog skeleton (D:7)
  6 orc priests
  3 orc wizards
  7 jellies
  A centaur skeleton (D:5)
  2 hounds
  2 iguanas (D:8)
  6 worker ants
  A killer bee zombie (D:8)
  A hound zombie (D:6)
  An ogre skeleton (Lab)
  2 worker ant zombies
  3 gnolls (D:2)
  A river rat (D:8)
  18 adders
  5 oozes
  2 adder skeletons (D:4)
  4 worms
  A dart slug (D:5)
  10 leopard geckos
  22 orcs
  4 ball pythons (D:3)
  10 giant cockroaches
  5 goblins
  9 hobgoblins
  3 jackals (D:4)
  6 quokkas
  10 bats
  6 frilled lizards
  4 kobolds
  2 leopard gecko skeletons (D:4)
  A quokka skeleton (D:7)
  12 rats
  A butterfly (Lair:4)
  15 fungi
  9 plants
408 creatures vanquished.

Vanquished Creatures (others)
  An ogre (D:8)
  A jelly (D:8)
  A quokka (D:8)
  8 fungi
  7 plants (Lair:5)
18 creatures vanquished.

Grand Total: 426 creatures vanquished

Notes
Turn   | Place    | Note
-------+----------+-------------------------------------------
     0 | D:1      | grisgris the Gargoyle Fighter began the quest for the Orb.
     0 | D:1      | Reached XP level 1. HP: 14/14 MP: 1/1
   357 | D:1      | Reached XP level 2. HP: 19/19 MP: 2/2
   752 | D:1      | Reached XP level 3. HP: 23/23 MP: 3/3
  1077 | D:2      | Reached skill level 4 in Shields
  1275 | D:2      | Reached XP level 4. HP: 8/28 MP: 4/4
  2195 | D:3      | Found an iron altar of Okawaru.
  2195 | D:3      | Found a faded altar of an unknown god.
  2459 | D:3      | Reached XP level 5. HP: 33/33 MP: 5/5
  2869 | D:3      | Found an ancient bone altar of Kikubaaqudgha.
  2902 | D:3      | Reached XP level 6. HP: 19/38 MP: 6/6
  2996 | D:3      | Found a sacrificial altar of Ru.
  3311 | D:4      | Reached skill level 5 in Shields
  3316 | D:4      | Reached skill level 1 in Stealth
  3335 | D:4      | Noticed Eustachio
  3359 | D:4      | Reached skill level 5 in Maces & Flails
  3420 | D:4      | Killed Eustachio
  3420 | D:4      | Reached XP level 7. HP: 37/43 MP: 7/7
  4315 | D:4      | Reached skill level 6 in Shields
  4338 | D:4      | Reached XP level 8. HP: 39/48 MP: 8/8
  4800 | D:5      | Entered Level 5 of the Dungeon
  4802 | D:5      | Noticed Prince Ribbit
  4892 | D:5      | Found a staircase to the Ecumenical Temple.
  4901 | Temple   | Entered the Ecumenical Temple
  4966 | Temple   | Became a worshipper of Qazlal Stormbringer
  5105 | D:5      | Noticed Pikel
  5136 | D:5      | Killed Pikel
  5136 | D:5      | Reached skill level 5 in Fighting
  5136 | D:5      | Reached skill level 5 in Armour
  5136 | D:5      | Reached skill level 7 in Shields
  5523 | D:6      | Reached XP level 9. HP: 50/54 MP: 9/9
  5613 | D:6      | Found a white marble altar of Elyvilon.
  5807 | D:6      | Noticed Nordron's ghost (novice SpEn)
  5860 | D:6      | Noticed Edmund
  5888 | D:6      | Killed Edmund
  6098 | D:6      | Found an opulent altar of Gozag.
  6269 | D:6      | Reached * piety under Qazlal
  6369 | D:6      | Reached skill level 8 in Shields
  6472 | D:6      | Killed Nordron's ghost
  6472 | D:6      | Reached skill level 1 in Dodging
  6716 | D:7      | Found Hebbucon's Distillery.
  6727 | D:7      | Bought a potion of curing for 39 gold pieces
  6727 | D:7      | Bought a potion of flight for 39 gold pieces
  6727 | D:7      | Bought a potion of invisibility for 104 gold pieces
  6787 | D:7      | Found a sparkling altar of Nemelex Xobeh.
  7100 | D:7      | Found a bloodstained altar of Trog.
  7160 | D:7      | Found a radiant altar of Vehumet.
  7217 | D:7      | Noticed a moth of wrath
  7219 | D:7      | Found a bloodstained altar of Trog.
  7340 | D:7      | Reached skill level 9 in Shields
  7340 | D:7      | Reached XP level 10. HP: 60/60 MP: 10/10
  7371 | D:7      | Found Aluon's Weapon Emporium.
  7388 | D:7      | Found Ezenus's Food Boutique.
  7402 | D:7      | Found Guify's Food Shop.
  7666 | D:8      | Noticed dscm's ghost (novice OpEE)
  7679 | D:8      | Killed dscm's ghost
  7692 | D:8      | Reached ** piety under Qazlal
  7774 | D:8      | Noticed Psyche
  7790 | D:8      | Killed Psyche
  8178 | D:8      | Reached skill level 10 in Shields
  8187 | D:8      | Found a shimmering altar of Xom.
  8505 | D:8      | Reached skill level 1 in Invocations
  8673 | D:8      | Found a staircase to the Lair.
  8857 | Lair:1   | Entered Level 1 of the Lair of Beasts
  8998 | Lair:1   | Reached skill level 10 in Maces & Flails
  9103 | Lair:1   | Reached *** piety under Qazlal
  9103 | Lair:1   | Reached XP level 11. HP: 67/67 MP: 12/12
  9736 | Lair:2   | Reached skill level 11 in Shields
 10543 | Lair:2   | Reached skill level 5 in Invocations
 10746 | Lair:3   | Noticed a four-headed hydra
 10800 | Lair:3   | Killed a four-headed hydra
 10800 | Lair:3   | Reached skill level 12 in Shields
 10807 | Lair:3   | Reached XP level 12. HP: 69/73 MP: 14/16
 10850 | Lair:3   | Found a labyrinth entrance.
 10892 | Lair:3   | Noticed a four-headed hydra
 10901 | Lair:3   | Killed a four-headed hydra
 10901 | Lair:3   | Reached **** piety under Qazlal
 10997 | Lab      | Entered a labyrinth
 11848 | Lab      | Noticed a minotaur
 11864 | Lab      | Killed a minotaur
 13134 | Lair:4   | Reached skill level 13 in Shields
 13178 | Lair:4   | Found an ancient bone altar of Kikubaaqudgha.
 13627 | Lair:4   | Found a hole to the Spider Nest.
 13789 | Lair:4   | Found a staircase to the Swamp.
 13963 | Lair:5   | Reached ***** piety under Qazlal
 13988 | Lair:5   | Reached XP level 13. HP: 53/80 MP: 18/18
 14283 | Lair:5   | Found a staircase to the Slime Pits.
 15097 | Lair:6   | Entered Level 6 of the Lair of Beasts
 15114 | Lair:6   | Reached skill level 14 in Shields
 15168 | Lair:6   | HP: 1/80 [five-headed hydra (6)]
 15188 | Lair:6   | Slain by a six-headed hydra

Skill      XL: |  1  2  3  4  5  6  7  8  9 10 11 12 13 |
---------------+----------------------------------------+-----
Shields        | 4 5 6 7 9 10 12 13 14 | 14.7
Maces & Flails | 3 4 5 6 7 8 10 11 12 | 12.4
Armour         | 4 5 6 7 8 9 |  9.3
Fighting       | 4 5 6 7 8 9 |  9.2
Stealth        | 1 |  1.4
Dodging        | 1 2 |  2.1
Invocations    | 2 5 7 9 |  9.1
Evocations     | |  0.1

Action                   |  1- 3 |  4- 6 |  7- 9 | 10-12 | 13-15 || total
-------------------------+-------+-------+-------+-------+-------++-------
Melee: Flail             |   155 |   306 |   351 |   710 |   192 ||  1714
       Whip              |       |       |   191 |       |       ||   191
       Dire flail        |       |       |    22 |       |       ||    22
Invok: Disaster Area     |       |       |       |       |     2 ||     2
Evoke: Wand              |       |       |       |     2 |       ||     2
  Use: Potion            |     1 |     1 |     8 |     4 |     5 ||    19
       Scroll            |       |    10 |     5 |    14 |     2 ||    31
 Stab: Paralysed         |       |     4 |       |       |       ||     4
       Distracted        |       |       |       |       |     1 ||     1
  Eat: Chunk             |     1 |     7 |     5 |     9 |     2 ||    24
       Meat ration       |       |     1 |     1 |     2 |       ||     4
       Bread ration      |       |       |       |     2 |       ||     2
Armor: Scale mail        |    21 |       |       |       |       ||    21
       Plate armour      |   156 |   266 |   308 |   275 |   128 ||  1133
Dodge: Dodged            |    34 |    57 |    62 |    71 |    58 ||   282
Block: Shield            |   103 |   183 |   137 |       |       ||   423
       Large shield      |       |       |   167 |   818 |   290 ||  1275
